 Dungeon Crawl Stone Soup version 0.18.1-8-gdd0e5ea (webtiles) character file.

23 manyhoops the Firebug (level 2, -2/20 HPs)
             Began as a Demigod Fire Elementalist on May 26, 2016.
             Slain by a hobgoblin (5 damage)
             ... on level 1 of the Dungeon.
             The game lasted 00:01:50 (619 turns).

manyhoops the Firebug (Demigod Fire Elementalist)    Turns: 619, Time: 00:01:51

Health: -2/20      AC:  2    Str: 11    XL:     2   Next: 57%
Magic:  0/7        EV: 12    Int: 19    God:
Gold:   15         SH:  0    Dex: 16    Spells: 2 memorised, 2 levels left

rFire  . . .     SeeInvis .     k - +0 club
rCold  . . .     Gourm    .     a - +0 robe
rNeg   + . .     Faith    .     (no shield)
rPois  .         Spirit   .     (no helmet)
rElec  .         Dismiss  .     (no cloak)
rCorr  .         Reflect  .     (no gloves)
SustAt +         Harm     .     (no boots)
MR     .....                    (no amulet)
Stlth  ++........               (no ring)
                                j - ring of positive energy

@: not resistant to hostile enchantments, unstealthy
A: high mp 1, sustain attributes
a: no special abilities


You were on level 1 of the Dungeon.
You were not hungry.

You visited 1 branch of the dungeon, and saw 1 of its levels.

You collected 15 gold pieces.

Inventory:

Hand Weapons
 k - a +0 club (weapon)
Armour
 a - a +0 robe (worn)
Jewellery
 j - a ring of positive energy (left hand)
Scrolls
 d - a scroll of identify {unknown}
 e - a scroll of amnesia {unknown}
 h - a scroll of random uselessness {unknown}
Potions
 i - 2 potions of haste {unknown}
 l - a potion of mutation {unknown}
Books
 b - a book of Flames

   Spells                             Type                      Level
   a - Flame Tongue                   Conjuration/Fire             1
   b - Throw Flame                    Conjuration/Fire             2
   c - Conjure Flame                  Conjuration/Fire             3
   d - Inner Flame                    Hexes/Fire                   3
   e - Sticky Flame                   Conjuration/Fire             4
   f - Fireball                       Conjuration/Fire             5
Comestibles
 c - 2 bread rations
 f - 3 fruits
 g - a meat ration


   Skills:
 - Level 1.7 Dodging
 - Level 1.7 Stealth
 + Level 2.1 Spellcasting
 + Level 1.1 Conjurations
 + Level 3.3 Fire Magic


You had 2 spell levels left.
You knew the following spells:

 Your Spells              Type           Power        Failure   Level  Hunger
a - Flame Tongue          Conj/Fire      ##...        10%         1    #......
b - Throw Flame           Conj/Fire      ##....       12%         2    ##.....


Dungeon Overview and Level Annotations

Branches:
Dungeon (1/15)


Innate Abilities, Weirdness & Mutations

You have an increased reservoir of magic (+10% MP).
Your attributes are resistant to harm.


Message History

The hobgoblin is moderately wounded.
The hobgoblin hits you.
* * * LOW HITPOINT WARNING * * *
You are too injured to fight recklessly!
You are too injured to fight recklessly!
You are too injured to fight recklessly!
You are too injured to fight recklessly!
You closely miss the hobgoblin.
The hobgoblin is moderately wounded.
The hobgoblin hits you.
* * * LOW HITPOINT WARNING * * *
Casting: Flame Tongue
Confirm with . or Enter, or press ? or * to list all spells.
Aiming: Flame Tongue
Press: ? - help, Shift-Dir - straight line, f/p - hobgoblin
Aim: a hobgoblin (moderately wounded)
The flame tongue hits the hobgoblin.
The hobgoblin is heavily wounded.
The hobgoblin hits you.
You die...

##.## ##.#.######
.....# #.#.......#
.....# ##...####.#
.....# ##(## #.#
.....# #.# #.#
.....# #.#
#.######## ..[..#
#####.# #...†.....
.....#########.g@>.#
##########
......)........#####
################


You could see a hobgoblin.

Vanquished Creatures
  A giant gecko (D:1)
  A bat (D:1)
  4 goblins (D:1)
  3 hobgoblins (D:1)
  3 jackals (D:1)
  5 kobolds (D:1)
  3 rats (D:1)
20 creatures vanquished.

Notes
Turn   | Place    | Note
--------------------------------------------------------------
     0 | D:1      | manyhoops the Demigod Fire Elementalist began the quest for the Orb.
     0 | D:1      | Reached XP level 1. HP: 14/14 MP: 5/5
   153 | D:1      | Reached skill level 3 in Fire Magic
   154 | D:1      | Reached skill level 1 in Conjurations
   222 | D:1      | Reached XP level 2. HP: 2/20 MP: 0/7
   306 | D:1      | Learned a level 2 spell: Throw Flame
   619 | D:1      | Slain by a hobgoblin

Skill      XL: |  1  2 |
---------------+-------+-----
Fire Magic     | 3 |  3.3
Conjurations   | 1 |  1.1
Spellcasting   | 2 |  2.1
Dodging        | |  1.7
Stealth        | |  1.7

Action                   || total
-------------------------++-------
Melee: Unarmed           ||     7
       Club              ||     9
 Cast: Flame Tongue      ||    37
Armor: Robe              ||     5
Dodge: Dodged            ||    19
